 Dungeon Crawl Stone Soup version 0.30-b1-2-g02819fbbbe (webtiles) character file.

Game seed: 16581992665162449423

28 Alarkh the Shooter (level 3, 26/26 HPs)
             Began as a Demonspawn Hexslinger on July 7, 2023.
             Got out of the dungeon alive.
             The game lasted 00:01:23 (900 turns).

Alarkh the Shooter (Demonspawn Hexslinger)           Turns: 900, Time: 00:01:23

Health: 26/26      AC:  4    Str: 10    XL:     3   Next: 0%
Magic:  4/4        EV: 12    Int: 16    God:
Gold:   71         SH:  0    Dex: 13    Spells: 3/4 levels left

rFire   . . .        a - +1 sling
rCold   . . .        (no shield)
rNeg    . . .        c - +0 robe
rPois   .            (no helmet)
rElec   .            (no cloak)
rCorr   .            (no gloves)
SInv    .            (no boots)
Will    .....        (no amulet)
Stlth   +            (no ring)
HPRegen 0.24/turn    (no ring)
MPRegen 0.09/turn

%: no passive effects
@: no status effects
A: icy blue scales 1, demonic touch 1
a: no special abilities


You escaped.
You visited 1 branch of the dungeon, and saw 1 of its levels.

You collected 71 gold pieces.

Inventory:

Hand Weapons
 a - a +1 sling (weapon)
Armour
 c - a +0 robe (worn)
Scrolls
 b - a scroll of poison
 e - a scroll of magic mapping {unknown}
 h - a scroll of summoning {unknown}
Potions
 d - a potion of mutation {unknown}
 f - a potion of magic {unknown}
 g - a potion of curing
 i - a potion of lignification {unknown}


   Skills:
 - Level 1.0 Fighting
 + Level 3.2 Ranged Weapons
 - Level 1.7 Dodging
 - Level 1.0 Spellcasting
 - Level 3.0 Hexes


You had 3 spell levels left.
You knew the following spells:

 Your Spells              Type           Power      Damage    Failure   Level
a - Slow                  Hex            40%        N/A       7%          1

Your spell library contained the following spells:

 Spells                   Type           Power      Damage    Failure   Level
 Inner Flame              Hex/Fire       5%         N/A       36%         3
 Portal Projectile        Hex/Tloc       10%        N/A       36%         3
 Cause Fear               Hex            5%         N/A       54%         4


Dungeon Overview and Level Annotations

Branches:
Dungeon (1/15)

Altars:


Innate Abilities, Weirdness & Mutations

You are partially covered in icy blue scales. (AC +2)
Your touch may inflict minor irresistible damage on your foes.


Message History

No target in view!
There is an open door here.
A frilled lizard comes into view.
The frilled lizard hisses angrily.
A frilled lizard is nearby!
A frilled lizard is nearby!
You shoot a sling bullet.
The sling bullet closely misses the frilled lizard.
You shoot a sling bullet.
The sling bullet barely misses the frilled lizard.
You shoot a sling bullet.
The sling bullet hits the frilled lizard but does no damage.
You shoot a sling bullet.
The sling bullet hits the frilled lizard but does no damage.
You shoot a sling bullet.
The sling bullet hits the frilled lizard!
You kill the frilled lizard!
No target in view!
Things that are here:
a +0 dagger; a goblin corpse You open the door.
Found a stone staircase leading down.
You open the door.
A rat comes into view.
A rat is nearby!
A rat is nearby!
You shoot a sling bullet. The sling bullet hits the rat.
You kill the rat!
You have reached level 3!
Your experience leads to an increase in your attributes!
Increase (S)trength, (I)ntelligence, or (D)exterity?
You feel clever. x2; Your demonic ancestry asserts itself...
Icy blue scales grow over part of your body.
You see here a frilled lizard corpse.
There is an open door here.
There is an open door here.
There is an open door here.
There is a staircase leading out of the dungeon here.
Are you sure you want to leave the Dungeon?
This will make you lose the game!
You have escaped!

#.#.# ####### ##..###.# #...#
#..#.#.# ######.# #..#.#.#
.......# ♣♣♣##.......
#####.## ♣..##.###### #.# ♣♣♣
♣♣♣♣....######
#.##♣♣.♣♣♣♣♣♣♣♣♣.♣...........
#....♣..♣♣....♣.♣.♣♣#########
####..♣.....@..♣♣♣♣
#♣♣.♣.♣♣...♣♣ ♣♣♣♣♣.♣♣♣.♣ ♣♣♣
♣♣♣ . .## .†.


There were no monsters in sight!

Vanquished Creatures
  A gnoll (D:1)
  A dart slug (D:1)
  A ball python (D:1)
  2 endoplasms (D:1)
  2 goblins (D:1)
  2 hobgoblins (D:1)
  A kobold (D:1)
  A quokka (D:1)
  3 frilled lizards (D:1)
  A rat (D:1)
15 creatures vanquished.

Notes
Turn   | Place    | Note
-------+----------+-------------------------------------------
     0 | D:1      | Alarkh the Demonspawn Hexslinger began the quest for the
                  | Orb.
     0 | D:1      | Reached XP level 1. HP: 15/15 MP: 2/2
   387 | D:1      | Gained mutation: Your touch may inflict minor irresistible
                  | damage on your foes. [demonic ancestry]
   387 | D:1      | Reached XP level 2. HP: 12/21 MP: 3/3
   677 | D:1      | HP: 1/21 [quokka (1)]
   805 | D:1      | Gained mutation: You are partially covered in icy blue
                  | scales. (AC +2) [demonic ancestry]
   805 | D:1      | Reached XP level 3. HP: 26/26 MP: 4/4
   900 | D:$      | Got out of the dungeon alive.

Illustrated notes

Levels and vault maps discovered:
D:1:      roderic_dead_forest, layout_loops_corners,
          minmay_misc_feat_nine_boxes, minmay_misc_feat_iff,
          minmay_misc_feat_pillars

Skill      XL: |  1  2 |
---------------+-------+-----
Ranged Weapons | 2 3 |  3.2
Fighting       | |  1.0
Dodging        | |  1.7
Spellcasting   | |  1.0
Hexes          | |  3.0

Action                     || total
---------------------------++-------
   Fire: Sling             ||    70
    Use: Potion            ||     1
  Dodge: Dodged            ||    22
